 Dungeon Crawl Stone Soup version 0.26-a0-466-g989023bd0d (webtiles) character file.

Game seed: 9466280192388147855

84673 Apogee the Severer (level 16, -1/193 HPs)
             Began as a Human Berserker on Aug 11, 2020.
             Was a Priest of Trog.
             Slain by a 15-headed hydra (5 damage)
             ... on level 2 of the Swamp.
             The game lasted 00:41:32 (37866 turns).

Apogee the Severer (Human Berserker)               Turns: 37866, Time: 00:41:33

Health: -1/193     AC: 24    Str: 22    XL:     16   Next: 28%
Magic:  0/16       EV: 10    Int: 10    God:    Trog [***...]
Gold:   1719       SH: 13    Dex: 13    Spells: 15/15 levels left

rFire    + . .     SeeInvis .   a - +0 war axe
rCold    + + .     Faith    .   E - +2 shield of Resistance {rF+ rC+ MR+}
rNeg     . . .     Spirit   +   l - +0 plate armour
rPois    .         Reflect  .   i - +1 hat
rElec    .         Harm     .   (no cloak)
rCorr    .                      J - +0 pair of gloves
MR       ++...                  O - +1 pair of boots
Stlth    ..........             D - amulet of guardian spirit
HPRegen  0.42/turn              h - +4 ring of protection
MPRegen  0.15/turn              o - ring of protection from cold

@: berserking, very quick
A: no striking features
a: Berserk, Trog's Hand, Renounce Religion


You were on level 2 of the Swamp.
You worshipped Trog.
Trog was most pleased with you.
You visited 5 branches of the dungeon, and saw 25 of its levels.

You collected 1719 gold pieces.

Inventory:

Hand Weapons
 a - a +0 war axe (weapon)
   (You took it off an orc on level 4 of the Dungeon)
 n - the +5 hunting sling of Ilirus {flame, Int+4, unknown}
   (You found it on level 2 of the Lair of Beasts)

   It causes projectiles fired from it to burn those they strike, causing extra
   injury to most foes and up to half again as much damage against particularly
   susceptible opponents.
   It affects your intelligence (+4).
 s - a +0 battleaxe
   (You found it on level 2 of the Lair of Beasts)
Missiles
 f - 7 curare-tipped darts (quivered) {!f}
Armour
 i - a +1 hat (worn)
   (You took it off Gastronok on level 2 of the Lair of Beasts)
 l - a +0 plate armour (worn)
   (You found it on level 3 of the Dungeon)
 E - the +2 shield of Resistance (worn) {rF+ rC+ MR+}
   (You found it on level 13 of the Dungeon)

   It protects you from fire.
   It protects you from cold.
   It affects your resistance to hostile enchantments.
 J - a +0 pair of gloves (worn)
   (You found it on level 7 of the Dungeon)
 O - a +1 pair of boots (worn)
   (You found it on level 10 of the Dungeon)
 Q - the +0 hat of Dice, Bag, and Bottle {Harm rPois Dex+8 Stlth-}
   (You found it on level 10 of the Dungeon)

   It affects your dexterity (+8).
   It protects you from poison.
   It increases damage dealt and taken.
   It makes you less stealthy.
 T - a +0 buckler
   (You took it off a tengu conjurer on level 14 of the Dungeon)
Jewellery
 b - an uncursed ring of protection from cold
   (You found it on level 1 of the Swamp)
 h - a +4 ring of protection (left hand)
   (You found it on level 2 of the Dungeon)
 o - a ring of protection from cold (right hand)
   (You found it on level 11 of the Dungeon)
 r - the ring "Ciuweu Ymao" {Fire +Blink rElec Str+2 Dex-3}
   (You acquired it on level 1 of the Swamp)

   [ring of fire]

   It enhances your fire magic.
   It affects your strength (+2).
   It affects your dexterity (-3).
   It protects you from fire.
   It makes you vulnerable to cold.
   It insulates you from electricity.
   It lets you blink.
 D - an amulet of guardian spirit (around neck)
   (You found it on level 1 of the Dungeon)
 N - a +4 ring of protection
   (You found it on level 5 of the Lair of Beasts)
Wands
 c - a wand of clouds (3)
   (You found it on level 12 of the Dungeon)
 d - a wand of iceblast (24)
   (You found it on level 5 of the Dungeon)
 t - a wand of flame (87)
   (You found it on level 8 of the Dungeon)
 u - a wand of paralysis (21)
   (You found it on level 3 of the Dungeon)
 y - a wand of polymorph (4)
   (You found it on level 6 of the Lair of Beasts)
 F - a wand of enslavement (43)
   (You found it on level 6 of the Dungeon)
Scrolls
 g - 2 scrolls of fear
 m - 5 scrolls of remove curse {@r2}
 v - 3 scrolls of magic mapping
 A - 5 scrolls of fog
 B - 8 scrolls of teleportation {@r4}
 G - 8 scrolls of enchant weapon
 K - 4 scrolls of enchant armour
 P - a scroll of immolation {!r}
Potions
 e - 7 potions of degeneration {!q}
 j - a potion of mutation {unknown}
 k - 5 potions of magic
 p - a potion of flight {unknown}
 q - 2 potions of haste {@q3}
 w - 6 potions of brilliance
 z - a potion of resistance {unknown}
 C - 5 potions of might
 H - 2 potions of berserk rage {unknown}
 L - 3 potions of heal wounds {unknown}
 M - a potion of invisibility {unknown}
 S - 5 potions of cancellation


   Skills:
 - Level 12.8 Fighting
 - Level 16.2 Axes
 - Level 12.8 Armour
 - Level 10.0 Dodging
 + Level 8.3 Shields
 - Level 4.0 Evocations


You had 15 spell levels left.
You didn't know any spells.
Your spell library was empty.

Dungeon Overview and Level Annotations

Branches:
Dungeon (15/15)            Temple (1/1) D:6            Lair (6/6) D:9
  Swamp (2/4) Lair:3        Snake (1/4) Lair:4        Slime (0/5) Lair:6
    Orc (0/2) D:12         Vaults (0/5) D:13         Depths (0/5) D:15

Altars:
Ashenzari
Cheibriados
Gozag
Okawaru
Vehumet
Wu Jian
Xom
Beogh

Shops:
D:4 }   D:7 :   D:12 (

Annotations:
D:13 1 runed translucent door
Lair:5 exclusion: 2 oklob plants


Message History

The 11-headed hydra grows two more!
You slash the 13-headed hydra! You slice the vampire mosquito!!
The 13-headed hydra barely misses you. You block the 13-headed hydra's attack.
The 13-headed hydra barely misses you.
The 13-headed hydra bites you but does no damage.
The 13-headed hydra closely misses you. The 13-headed hydra misses you.
The 13-headed hydra bites you but does no damage.
The 13-headed hydra bites you!
* * * LOW HITPOINT WARNING * * *
The 13-headed hydra closely misses you.
The 13-headed hydra bites you but does no damage.
The 13-headed hydra closely misses you. The 13-headed hydra barely misses you.
The 13-headed hydra misses you.
You lop one of the 13-headed hydra's heads off!
The 12-headed hydra grows two more!
You slice the 14-headed hydra!! You miss the vampire mosquito.
Your plate armour prevents you from hitting the 12-headed hydra.
The vampire mosquito bites you but does no damage.
Unknown command.
You lop one of the 14-headed hydra's heads off!
The 13-headed hydra grows two more!
You slash the 15-headed hydra!
You slice one of the 12-headed hydra's heads off!
The 11-headed hydra grows two more!
You slash the 13-headed hydra! You slash the vampire mosquito!
The vampire mosquito closely misses you.
The 13-headed hydra bites you.
* * * LOW HITPOINT WARNING * * *
The 13-headed hydra bites you.
* * * LOW HITPOINT WARNING * * *
The 13-headed hydra bites you but does no damage.
The 13-headed hydra barely misses you. The 13-headed hydra closely misses you.
The 13-headed hydra bites you but does no damage.
The 13-headed hydra bites you.
* * * LOW HITPOINT WARNING * * *
You block the 13-headed hydra's attack. The 13-headed hydra barely misses you.
The 13-headed hydra bites you!
* * * LOW HITPOINT WARNING * * *
The 13-headed hydra closely misses you. You block the 13-headed hydra's attack.
The 13-headed hydra bites you but does no damage.
The 15-headed hydra bites you but does no damage. x2
The 15-headed hydra bites you.
* * * LOW HITPOINT WARNING * * *
The 15-headed hydra bites you.
* * * LOW HITPOINT WARNING * * *
You block the 15-headed hydra's attack.
The 15-headed hydra bites you but does no damage.
You block the 15-headed hydra's attack. The 15-headed hydra bites you!
* * * LOW HITPOINT WARNING * * *
The 15-headed hydra bites you but does no damage. x4
The 15-headed hydra bites you.
You die...

♣..♣ ♣..≈≈.≈ ♣♣..♣
♣♣..≈≈.≈≈.
♣...♣♣♣...≈....♣
♣..♣..≈≈....♣≈♣
♣§≈≈.≈≈♣....≈≈♣ ♣
♣≈≈≈.....♣≈...♣♣♣. ♣♣
♣♣≈.♣≈§.♣.♣≈≈..☼... .♣♣
♣...≈≈≈≈≈≈.D♣§☼§..≈ ..♣♣
♣♣..≈≈.♣♣.≈@Dy§§≈.≈
≈≈.♣♣♣...≈≈≈♣♣♣.♣y♣§§≈..
≈.≈≈...≈...♣♣ ♣♣♣.≈§ ≈.≈
...≈≈≈♣≈≈≈≈♣ ..≈.. .
.....≈...≈≈♣ .≈≈.≈..
♣....≈.♣..≈♣ ..♣.§≈♣
♣♣♣..§.♣♣..♣ .♣♣....
♣♣.≈♣♣♣♣.♣♣ ♣♣ ≈.. ♣
♣♣.♣ ♣..♣


You could see a 15-headed hydra, a 13-headed hydra and 2 vampire mosquitoes.

Vanquished Creatures
  Gastronok (Lair:2)
  Frances (D:14)
  3 thorn hunters
  An ironheart preserver (D:13)
  Snorg (Lair:3)
  2 fire dragons (D:13)
  Josephine (Lair:4)
  2 ice dragons (D:13)
  Erolcha (D:12)
  4 hydras
  A centaur warrior (D:14)
  A deep troll shaman (Lair:6)
  A catoblepas (Lair:6)
  2 alligators (Swamp:1)
  5 two-headed ogres
  8 death yaks
  Sonja (D:12)
  A swamp dragon (Swamp:1)
  2 unseen horrors
  3 deep elf magi
  An ugly thing (D:13)
  3 cyclopes
  4 manticores
  3 black mambas
  A torpor snail (Lair:4)
  20 cane toads
  A freezing wraith (D:13)
  2 rime drakes (Lair:5)
  7 komodo dragons
  3 polar bears (Lair:6)
  5 trolls
  2 tengu conjurers (D:14)
  A wolf spider simulacrum (D:13)
  4 hornets
  2 tyrant leeches (Swamp:1)
  A harpy skeleton (D:14)
  12 blink frogs
  6 bog bodies
  6 hippogriffs
  A meliai zombie (D:13)
  15 slime creatures
  2 spriggans (Swamp:1)
  Sigmund (D:2)
  3 shadows
  37 yaks
  3 wraiths (Lair:4)
  2 vampires
  A basilisk (D:14)
  3 wyverns
  5 vampire mosquitoes
  4 swamp worms
  12 water moccasins
  12 porcupines
  2 sky beasts
  2 black bears
  2 swamp drakes
  8 ice beasts
  9 orc warriors
  A hornet zombie (D:11)
  A necrophage (D:9)
  A phantom (D:8)
  25 centaurs
  4 ogres
  34 wolves
  12 crocodiles
  4 big kobolds
  14 bullfrogs
  A wyvern zombie (D:12)
  2 scorpions
  22 killer bees
  7 wights (D:14)
  3 howler monkeys
  6 centaur zombies
  3 quasits
  14 hounds
  2 jellies
  3 bullfrog skeletons
  5 centaur skeletons
  An iron imp (D:5)
  3 orc priests
  An iguana (D:9)
  6 orc wizards
  11 worker ants
  A hound zombie (D:7)
  A howler monkey zombie (D:8)
  10 adders
  A shadow imp (D:7)
  3 white imps
  2 ufetubi
  An adder skeleton (D:6)
  4 worms (D:2)
  2 dart slugs (D:3)
  2 leopard geckos
  56 orcs
  A ball python (D:2)
  7 bats
  4 giant cockroaches
  8 goblins
  6 hobgoblins
  2 jackals (D:6)
  3 quokkas
  4 frilled lizards
  23 kobolds
  10 rats
  2 briar patches (Swamp:1)
  5 fungi
  2 plants (Lair:6)
596 creatures vanquished.

Vanquished Creatures (collateral kills)
  8 hydras
  2 alligators (Swamp:1)
  3 death yaks
  2 elephants (Lair:6)
  A tyrant leech (Swamp:1)
  A yak (D:9)
  A swamp worm (Swamp:1)
  A bullfrog (D:9)
19 creatures vanquished.

Vanquished Creatures (others)
  A wight (D:14)
  2 briar patches (Swamp:1)
  3 fungi
  5 plants
11 creatures vanquished.

Grand Total: 626 creatures vanquished

Notes
Turn   | Place    | Note
-------+----------+-------------------------------------------
     0 | D:1      | Apogee the Human Berserker began the quest for the Orb.
     0 | D:1      | Reached XP level 1. HP: 18/18 MP: 1/1
   309 | D:1      | Reached XP level 2. HP: 22/24 MP: 2/2
   938 | D:1      | Reached XP level 3. HP: 29/29 MP: 3/3
  1041 | D:2      | Reached ** piety under Trog
  1509 | D:2      | Reached skill level 4 in Axes
  1729 | D:2      | Reached XP level 4. HP: 27/35 MP: 4/4
  1816 | D:2      | Noticed Sigmund
  1823 | D:2      | Killed Sigmund
  1823 | D:2      | Reached skill level 5 in Axes
  1823 | D:2      | Reached XP level 5. HP: 42/42 MP: 5/5
  1823 | D:2      | Reached XP level 6. HP: 48/48 MP: 6/6
  1886 | D:2      | Found an ornate altar of the Wu Jian Council.
  2077 | D:2      | Found an iron altar of Okawaru.
  3309 | D:4      | Reached XP level 7. HP: 37/55 MP: 7/7
  3558 | D:4      | Found Jerphomp's Gadget Shop.
  3800 | D:5      | Entered Level 5 of the Dungeon
  3900 | D:5      | Reached skill level 6 in Axes
  3910 | D:5      | Reached *** piety under Trog
  4351 | D:5      | Reached skill level 5 in Fighting
  4787 | D:5      | Found a shattered altar of Ashenzari.
  4856 | D:5      | Found a snail-covered altar of Cheibriados.
  4866 | D:5      | Reached XP level 8. HP: 38/62 MP: 8/8
  5065 | D:6      | Reached skill level 7 in Axes
  5895 | D:6      | Found a shattered altar of Ashenzari.
  6017 | D:6      | Found a staircase to the Ecumenical Temple.
  6172 | D:6      | You fall into a shaft and drop 2 floors!
  6192 | D:8      | Noticed a two-headed ogre
  6203 | D:8      | Killed a two-headed ogre
  6203 | D:8      | Reached skill level 8 in Axes
  6203 | D:8      | Reached skill level 5 in Armour
  6203 | D:8      | Reached XP level 9. HP: 20/71 MP: 9/9
  6789 | D:7      | Reached skill level 9 in Axes
  7261 | D:7      | Found a shimmering altar of Xom.
  7261 | D:7      | Found a radiant altar of Vehumet.
  7491 | D:7      | Found Soakiedu's Book Emporium.
  7709 | D:7      | Reached XP level 10. HP: 78/79 MP: 10/10
  8030 | D:8      | Reached **** piety under Trog
  8236 | Temple   | Entered the Ecumenical Temple
  8321 | D:8      | Noticed a two-headed ogre
  8327 | D:8      | Killed a two-headed ogre
  8327 | D:8      | Reached skill level 10 in Axes
  8688 | D:8      | Found a roughly hewn altar of Beogh.
  9293 | D:9      | Noticed a two-headed ogre
  9527 | D:9      | Killed a two-headed ogre
  9527 | D:9      | Reached skill level 11 in Axes
 10002 | D:9      | Reached ***** piety under Trog
 10002 | D:9      | Reached XP level 11. HP: 84/87 MP: 11/11
 10279 | D:9      | Noticed a two-headed ogre
 10287 | D:9      | Killed a two-headed ogre
 10428 | D:9      | Found an opulent altar of Gozag.
 10476 | D:9      | Noticed a death yak
 10476 | D:9      | Noticed a death yak
 10477 | D:9      | Found a staircase to the Lair.
 10483 | D:9      | Noticed a death yak
 10498 | D:8      | Killed a death yak
 10498 | D:8      | Reached skill level 12 in Axes
 11793 | D:9      | Killed a death yak
 11801 | D:9      | Killed a death yak
 12230 | D:10     | Entered Level 10 of the Dungeon
 12492 | D:10     | Found a transporter.
 12921 | D:10     | Reached XP level 12. HP: 91/95 MP: 12/12
 12961 | D:10     | Reached skill level 13 in Axes
 13155 | D:10     | Found a transporter.
 13175 | D:10     | Got an ichor-stained hat
 13181 | D:10     | Identified the +0 hat of Dice, Bag, and Bottle {Harm rPois
                  | Dex+8 Stlth-} (You found it on level 10 of the Dungeon)
 13509 | D:10     | Killed an unseen horror
 13509 | D:10     | Reached skill level 10 in Fighting
 15144 | D:12     | Reached skill level 10 in Armour
 15593 | D:12     | Noticed Sonja
 15609 | D:12     | Killed Sonja
 16377 | D:12     | Found a staircase to the Orcish Mines.
 16377 | D:12     | Found Ykhesoge's Weapon Shop.
 16605 | D:12     | Reached skill level 14 in Axes
 16800 | D:12     | Noticed a five-headed hydra
 17334 | D:12     | Noticed Erolcha
 17348 | D:12     | Killed Erolcha
 17370 | D:12     | Killed an unseen horror
 17370 | D:12     | Reached XP level 13. HP: 68/105 MP: 13/13
 19244 | D:13     | Noticed an ice dragon
 19244 | D:13     | Noticed a fire dragon
 19244 | D:13     | Noticed a fire dragon
 19245 | D:13     | Found the +2 shield of Resistance {rF+ rC+ MR+}
 19245 | D:13     | Noticed an ice dragon
 19246 | D:13     | Found a runed translucent door.
 19375 | D:13     | Noticed an ironheart preserver
 19376 | D:13     | Found a gate to the Vaults.
 19404 | D:13     | Reached skill level 15 in Axes
 19419 | D:13     | Killed an ironheart preserver
 20506 | D:13     | Found a runed translucent door.
 20720 | Lair:1   | Entered Level 1 of the Lair of Beasts
 21950 | Lair:2   | Noticed Gastronok
 21965 | Lair:2   | Killed Gastronok
 22038 | Lair:2   | Got a fine hunting sling
 22424 | Lair:2   | Reached XP level 14. HP: 108/114 MP: 10/14
 23981 | Lair:3   | Noticed Snorg
 23998 | Lair:3   | Killed Snorg
 23998 | Lair:3   | Reached skill level 1 in Evocations
 24468 | Lair:3   | Reached skill level 16 in Axes
 24798 | Lair:3   | Found a staircase to the Swamp.
 26450 | Lair:4   | Noticed Josephine
 26479 | Lair:4   | Killed Josephine
 26609 | Lair:4   | Found a staircase to the Snake Pit.
 26802 | Snake:1  | Entered Level 1 of the Snake Pit
 26850 | Lair:4   | Reached skill level 5 in Dodging
 28551 | Lair:6   | Entered Level 6 of the Lair of Beasts
 28574 | Lair:6   | Got a polished falchion
 29207 | Lair:6   | Found a staircase to the Slime Pits.
 29566 | Lair:6   | Reached XP level 15. HP: 116/120 MP: 15/15
 29896 | Lair:6   | Reached skill level 10 in Dodging
 30572 | Lair:6   | Got a fine lapis lazuli ring
 30586 | Lair:6   | Identified the ring "Taute" {*Tele Str+4 Int+3} (You found
                  | it on level 6 of the Lair of Beasts)
 31520 | D:14     | Noticed Frances
 31535 | D:14     | Killed Frances
 32191 | D:15     | Entered Level 15 of the Dungeon
 32327 | D:15     | Found a staircase to the Depths.
 32334 | D:15     | Noticed a fire giant
 33060 | Swamp:1  | Entered Level 1 of the Swamp
 33654 | Swamp:1  | Reached skill level 1 in Shields
 33719 | Swamp:1  | Identified 2 scrolls of acquirement
 33719 | Swamp:1  | Acquired a +2 vampiric battleaxe
 33720 | Swamp:1  | Acquired the ring "Ciuweu Ymao" {Fire +Blink rElec Str+2
                  | Dex-3}
 35378 | Swamp:1  | Noticed a thorn hunter
 35404 | Swamp:1  | Reached skill level 5 in Shields
 35420 | Swamp:1  | Killed a thorn hunter
 35420 | Swamp:1  | Reached XP level 16. HP: 68/129 MP: 5/16
 36535 | Swamp:1  | Paralysed by a hornet for 1 turns
 37223 | Swamp:2  | Noticed a thorn hunter
 37249 | Swamp:2  | Killed a thorn hunter
 37727 | Swamp:2  | Noticed a thorn hunter
 37747 | Swamp:2  | Killed a thorn hunter
 37866 | Swamp:2  | HP: 4/193 [15-headed hydra (8)]
 37866 | Swamp:2  | Slain by a 15-headed hydra

Illustrated notes

Levels and vault maps discovered:
D:1:      minmay_arrival_four_circles, layout_basic
D:2:      layout_loops_ring, lemuel_round_altar, okawaru_gym_becter,
          uniq_sigmund
D:3:      layout_rooms, minmay_cupped
D:4:      layout_rooms, serial_shops, kennysheep_little_box,
          kennysheep_generic_room_7
D:5:      layout_basic, slow_altar_2, serial_co_window_serial,
          co_window_paths_a, co_window_paths_b, co_window_paths_a,
          co_window_paths_a, co_window_corner_a, co_window_cross_3,
          co_window_cross_3, co_window_broadway_a, glass_columns_a,
          glass_columns_a, glass_columns_c, glass_columns_a,
          cheibrodos_ashenzari_chains
D:6:      layout_loops_ring, nicolae_overflow_crystal_walls,
          minmay_temple_entry_stoned_glass, minmay_increasing_density
D:7:      layout_basic, minitemple, serial_shops, nicolae_shop_stone,
          minmay_manual_mandibuliform
D:8:      layout_loops_ring, special_room [special_room_orc],
          minmay_quadrilaterals
D:9:      layout_roguey, nicolae_gozag_seed_capital, dpeg_lair_monsters,
          roderic_serpentine_path
D:10:     gammafunk_the_bubble [the_bubble_gammafunk_grid], layout_loops_corners
D:11:     layout_loops_ring
D:12:     layout_gridville, orc_david_3, uniq_sonja, uniq_erolcha
D:13:     layout_basic, skrybe_vaults_entry_preservation,
          minmay_guarded_unrand_resistance
D:14:     layout_roguey, hangedman_decor_cross_pass, uniq_frances
D:15:     grunt_enter_depths_giant_problem, layout_irregular_city,
          chequers_serial_rivers_room_b
Temple:   compressed_dpeg_circular_temple
Lair:1:   layout_long_grid
Lair:2:   layout_concentric_octagons, beast_lair_carwin_9, grunt_megastairs_5,
          uniq_gastronok
Lair:3:   layout_regular_city, swamp_mist_pool, chequers_serial_rivers_micro_d,
          uniq_snorg
Lair:4:   layout_regular_city, dummy_snake_entry, grunt_forest_stairs_basic,
          uniq_josephine
Lair:5:   minmay_lair_oklob_tunnel, layout_hall_layers,
          minmay_stone_trees_medium, grunt_forest_large_clearings,
          minmay_lair_oklob_chamber, infiniplex_staircase_pool
Lair:6:   grunt_lair_end_beastmaster, layout_layer_cave,
          dpeg_slime_entry_corner, nicolae_lair_grove_arrangements
Swamp:1:  layout_falls_marsh, nicolae_swamp_treefoil, swamp_pool2
Swamp:2:  layout_falls_marsh, nicolae_swamp_dense_foliage
Snake:1:  layout_onion_interference, uniq_aizul, uniq_roxanne

Skill      XL: |  1  2  3  4  5  6  7  8  9 10 11 12 13 14 15 16 |
---------------+-------------------------------------------------+-----
Axes           | 4 5 6 8 9 11 12 14 15 16 | 16.2
Fighting       | 4 5 6 7 8 9 10 11 12 | 12.8
Armour         | 3 4 5 6 7 9 10 11 12 | 12.8
Evocations     | 4 |  4.0
Dodging        | 8 10 | 10.0
Shields        | 5 8 |  8.3

Action                   |  1- 3 |  4- 6 |  7- 9 | 10-12 | 13-15 | 16-18 || total
-------------------------+-------+-------+-------+-------+-------+-------++-------
Melee: Hand axe          |   116 |   126 |     8 |       |       |       ||   250
       War axe           |       |       |   270 |   775 |   631 |   204 ||  1880
       Battleaxe         |       |       |       |       |   708 |       ||   708
Invok: Berserk           |     2 |     1 |     4 |    15 |    15 |     6 ||    43
       Brothers in Arms  |       |       |       |     5 |    12 |     3 ||    20
       Trog's Hand       |       |       |       |       |     1 |       ||     1
Evoke: Wand              |       |       |       |     3 |     8 |     1 ||    12
  Use: Scroll            |       |       |       |    20 |     9 |       ||    29
       Potion            |       |       |       |     2 |     3 |       ||     5
 Stab: Distracted        |       |       |       |       |     1 |       ||     1
Armor: Animal skin       |     4 |       |       |       |       |       ||     4
       Scale mail        |    46 |     8 |       |       |       |       ||    54
       Plate armour      |       |    64 |   235 |   562 |  1190 |   139 ||  2190
Dodge: Dodged            |    72 |    44 |   114 |   280 |   740 |    95 ||  1345
Block: Buckler           |       |       |       |       |    27 |    22 ||    49
       Kite shield       |       |       |       |       |    17 |    75 ||    92

Table legend: (Time is in decaauts)
 A = Elapsed time spent in this place.
 B = Non-inter-level travel time spent in this place.
 C = Inter-level travel time spent in this place.
 D = Time resting spent in this place.
 E = Time spent auto-exploring this place.
 F = Levels seen in this place.
 G = Mean time per level.
                   A        B        C        D        E       F      G
               +--------+--------+--------+--------+--------+-----+--------+
         Total |  37984 |  36400 |   1584 |  11575 |  20105 |  25 | 1519.4 |
       Dungeon |  23028 |  21892 |   1136 |   6400 |  12416 |  15 | 1535.2 |
        Temple |      1 |      1 |      0 |      0 |      0 |   1 |    1.0 |
          Lair |  10663 |  10222 |    441 |   2721 |   6360 |   6 | 1777.2 |
         Swamp |   4289 |   4283 |      6 |   2453 |   1328 |   2 | 2144.5 |
     Snake Pit |      1 |      1 |      0 |      0 |      0 |   1 |    1.0 |
               +--------+--------+--------+--------+--------+-----+--------+

Top non-repeatable levels by time:
 Swamp:1: 3408 daAuts
    D:13: 3232 daAuts
  Lair:3: 2740 daAuts
     D:9: 2621 daAuts
  Lair:6: 2170 daAuts
    D:12: 2134 daAuts
    D:11: 2016 daAuts
     D:8: 1946 daAuts
    D:10: 1674 daAuts
  Lair:2: 1632 daAuts
  Lair:4: 1563 daAuts
     D:7: 1490 daAuts
     D:2: 1402 daAuts
     D:6: 1350 daAuts
    D:14: 1329 daAuts
